 Dungeon Crawl Stone Soup version 0.19.1-1-g22dce08 (webtiles) character file.

45 McKennaii the Gusty (level 3, -9/21 HPs)
             Began as a High Elf Air Elementalist on Jan 7, 2017.
             Killed by divine providence
             ... invoked by an orc priest
              (11 damage)
             ... on level 3 of the Dungeon.
             The game lasted 00:03:43 (1306 turns).

McKennaii the Gusty (High Elf Air Elementalist)     Turns: 1306, Time: 00:03:43

Health: -9/21      AC:  2    Str:  7    XL:     3   Next: 42%
Magic:  9/9        EV: 13    Int: 20    God:
Gold:   96         SH:  0    Dex: 15    Spells: 3 memorised, 4 levels left

rFire  . . .     SeeInvis .     n - +0 dagger (venom)
rCold  . . .     Gourm    .     a - +0 robe
rNeg   . . .     Faith    .     (no shield)
rPois  .         Spirit   .     (no helmet)
rElec  .         Reflect  .     (no cloak)
rCorr  .         Harm     .     (no gloves)
MR     .....                    (no boots)
Stlth  ++........               (no amulet)
                                (no ring)
                                (no ring)

@: no status effects
A: no striking features
a: no special abilities


You were on level 3 of the Dungeon.
You were very hungry.

You visited 1 branch of the dungeon, and saw 3 of its levels.

You collected 96 gold pieces.

Inventory:

Hand Weapons
 n - a +0 dagger of venom (weapon)
Armour
 a - a +0 robe (worn)
Jewellery
 q - a cursed ring of loudness {unknown}
Scrolls
 d - 3 scrolls of identify {unknown}
 e - 5 scrolls of remove curse {unknown}
 f - 2 scrolls of random uselessness {unknown}
 g - a scroll of fear {unknown}
 i - 3 scrolls of amnesia {unknown}
 k - a scroll of immolation {unknown}
 l - a scroll of recharging {unknown}
 p - a scroll of teleportation {unknown}
Potions
 h - a potion of heal wounds {unknown}
 j - a potion of lignification {unknown}
 o - a potion of invisibility {unknown}
 r - a potion of agility {unknown}
 s - a potion of haste {unknown}
 t - a potion of magic {unknown}
Books
 b - a book of Air

   Spells                             Type                      Level
   a - Shock                          Conjuration/Air              1
   b - Swiftness                      Charms/Air                   2
   c - Repel Missiles                 Charms/Air                   2
   d - Static Discharge               Conjuration/Air              3
   e - Lightning Bolt                 Conjuration/Air              5
Comestibles
 c - 2 bread rations
 m - a meat ration


   Skills:
 + Level 2.3 Dodging
 + Level 2.4 Stealth
 + Level 3.5 Spellcasting
 + Level 1.5 Conjurations
 + Level 4.1 Air Magic


You had 4 spell levels left.
You knew the following spells:

 Your Spells              Type           Power        Failure   Level  Hunger
a - Shock                 Conj/Air       ##..         4%          1    None
b - Swiftness             Chrm/Air       ##......     12%         2    ##.....
c - Repel Missiles        Chrm/Air       ##....       12%         2    ##.....


Dungeon Overview and Level Annotations

Branches:
Dungeon (3/15)

Altars:

Annotations:
D:3 McKennaii's ghost, amateur HEAE


Message History

Found a pair of boots.
The bat closely misses you.
Found a flail.
The bat closely misses you.
Found 9 gold pieces.
Found a stone staircase leading up.
The bat hits you but does no damage. The bat hits you.
* * * LOW HITPOINT WARNING * * *
The bat misses you. The bat hits you but does no damage.
Found 3 tomahawks and a scroll labeled QAL RUGAOCIRO.
The bat hits you but does no damage. The bat barely misses you.
The bat barely misses you. The bat closely misses you.
The bat closely misses you.
There is a stone staircase leading up here.
The bat closely misses you.
The orc priest mumbles some strange prayers to Beogh against you.
Beogh smites you!
Ouch! That really hurt!
You die...

...#
#........#####.##
####.##..o..# >..
......#.....# ...
............###.
..$....l.........
............###..
.......K#.###
....).g.#.#
.(.....@#.#
.?.....b..#
......###.#
###### ##


You could see an orc priest, a leopard gecko, a goblin, a bat and a kobold.

Vanquished Creatures
  An ooze (D:2)
  A worm (D:2)
  A dart slug (D:1)
  3 bats
  A giant cockroach (D:1)
  4 hobgoblins
  A quokka (D:3)
  2 frilled lizards (D:2)
  9 goblins
  7 kobolds
  4 rats
34 creatures vanquished.

Notes
Turn   | Place    | Note
-------+----------+-------------------------------------------
     0 | D:1      | McKennaii the High Elf Air Elementalist began the quest for the Orb.
     0 | D:1      | Reached XP level 1. HP: 11/11 MP: 4/4
   263 | D:1      | Reached XP level 2. HP: 17/17 MP: 0/6
   267 | D:1      | Learned a level 2 spell: Swiftness
   270 | D:1      | Learned a level 2 spell: Repel Missiles
   761 | D:2      | Reached skill level 4 in Air Magic
   774 | D:2      | Reached XP level 3. HP: 15/21 MP: 1/8
  1130 | D:3      | Noticed McKennaii's ghost (amateur HEAE)
  1299 | D:3      | HP: 1/21 [bat (1)]
  1306 | D:3      | Killed from afar by an orc priest

Skill      XL: |  1  2 |
---------------+-------+-----
Spellcasting   | 3 |  3.5
Air Magic      | 4 |  4.1
Dodging        | |  2.3
Stealth        | |  2.4
Conjurations   | |  1.5

Action                   || total
-------------------------++-------
Melee: Unarmed           ||     4
       Dagger            ||     4
 Cast: Shock             ||    65
Armor: Robe              ||     8
Dodge: Dodged            ||    22
